[Event "Team 45 45 League T90"]
[Site "Internet Chess Club"]
[Date "2021.11.30"]
[Round "8"]
[White "primerpaso"]
[Black "jaboti"]
[Result "1/2-1/2"]
[WhiteElo "1862"]
[BlackElo "1753"]
[Opening "English opening"]
[ECO "A13"]
[Time "14:02:04"]
[PlyCount "79"]
[TimeControl "2700+45"]

1. c4 e6 2. Nc3 f5 3. g3 Nf6 4. Bg2 Be7 5. Nh3 O-O 6. O-O d6 7. d4 c6 8. b3 e5
9. Ba3 Qa5 10. Bb2 Qc7 11. Rc1 a5 12. Qd2 exd4 13. Qxd4 Nbd7 14. Rfd1 Ne8 15.
Qd2 Bf6 16. Nf4 Nb6 17. Ba3 Be7 18. e4 fxe4 19. Nxe4 Bf5 20. c5 dxc5 21. Bxc5
Bxe4 22. Bxe4 Bxc5 23. Rxc5 Nf6 24. Bg2 Qd7 25. Qc2 Qf7 26. Qd2 Qd7 27. Qe1 Rfe8
28. Qf1 Qc7 29. Rc2 Qf7 30. Re1 Rxe1 31. Qxe1 Qf8 32. Re2 Nbd5 33. Nxd5 Nxd5 34.
Bxd5+ cxd5 35. Re7 h6 36. Qe6+ Kh8 37. Rd7 Qa3 38. Qxd5 Qxa2 39. Qxb7 Re8 40.
Kg2 {Game drawn by mutual agreement} 1/2-1/2

[Event "Team 45 45 League T90"]
[Site "Internet Chess Club"]
[Date "2021.11.27"]
[Round "8"]
[White "Packerfan"]
[Black "QuieroAprender"]
[Result "0-1"]
[WhiteElo "1746"]
[BlackElo "1680"]
[Opening "Hungarian defense"]
[ECO "C50"]
[Time "10:06:47"]
[PlyCount "226"]
[TimeControl "2700+45"]

1. e4 e5 2. Nf3 Nc6 3. Bc4 Be7 4. Nc3 Nf6 5. O-O d6 6. h3 Na5 7. Be2 c5 8. a3
Nc6 9. Bc4 Nxe4 10. Nxe4 d5 11. Bxd5 Qxd5 12. Re1 O-O 13. d3 f5 14. Nc3 Qd6 15.
Nb5 Qd7 16. a4 e4 17. dxe4 Qxd1 18. Rxd1 fxe4 19. Ng5 Nb4 20. Nc7 Nxc2 21. Nxa8
Nxa1 22. Nc7 Nb3 23. Nxe4 Nxc1 24. Rxc1 b6 25. Nd5 Bd8 26. f3 Bb7 27. Rd1 Bc6
28. Ndc3 Bc7 29. b3 Be5 30. Kf1 Bd4 31. Ke2 Re8 32. Kd3 a6 33. Kc2 Re6 34. Rd2
h6 35. b4 Bxc3 36. Kxc3 cxb4+ 37. Kxb4 Bxe4 38. Rd8+ Kf7 39. fxe4 Rxe4+ 40. Kb3
Re2 41. Rd7+ Kf6 42. Rd6+ Re6 43. Rd7 h5 44. Ra7 Re3+ 45. Kc4 Re4+ 46. Kb3 Re3+
47. Kc4 Re4+ 48. Kb3 a5 49. Rb7 Rb4+ 50. Kc3 h4 51. Kd3 g6 52. Ke3 Kg5 53. Kf3
Kf5 54. g4+ Kg5 55. Kg2 Rb2+ 56. Kg1 Kf4 57. Rc7 Rb4 58. Rc6 Kg3 59. Rc3+ Kf4
60. Rc6 Kg3 61. Rc3+ Kf4 62. Rc6 g5 63. Rd6 b5 64. axb5 Rxb5 65. Rd4+ Ke3 66.
Rd8 a4 67. Ra8 Rb4 68. Kg2 Rb2+ 69. Kg1 Ra2 70. Re8+ Kf3 71. Re1 a3 72. Rc1 Re2
73. Rc3+ Re3 74. Rc5 Kg3 75. Kf1 a2 76. Ra5 Kxh3 77. Rxa2 Kxg4 78. Kg2 Kf4 79.
Ra4+ Re4 80. Ra8 g4 81. Rf8+ Ke3 82. Rh8 g3 83. Rh7 Ke2 84. Rh8 Ke3 85. Rh7 Rg4
86. Re7+ Kf4 87. Rf7+ Ke5 88. Rh7 Kf6 89. Rh8 Kf7 90. Rh5 Kg6 91. Rh8 Kg7 92.
Rh5 Kg6 93. Rh8 Rd4 94. Kh3 Kg7 95. Rh5 Rc4 96. Ra5 Rd4 97. Rb5 Kf6 98. Rh5 Re4
99. Rh8 Rg4 100. Kg2 Ke5 101. Re8+ Kd4 102. Rd8+ Ke3 103. Re8+ Re4 104. Rh8 Rd4
105. Re8+ Kf4 106. Kh3 Rd2 107. Rf8+ Ke3 108. Kxh4 g2 109. Rg8 Kf2 110. Rf8+ Ke1
111. Rg8 Kf1 112. Rf8+ Rf2 113. Ra8 g1=Q {White resigns} 0-1

[Event "Team 45 45 League T90"]
[Site "Internet Chess Club"]
[Date "2021.11.26"]
[Round "8"]
[White "Portola"]
[Black "ivanson"]
[Result "1-0"]
[WhiteElo "1738"]
[BlackElo "1615"]
[Opening "Queen's pawn game"]
[ECO "A45"]
[Time "14:00:08"]
[PlyCount "89"]
[TimeControl "2700+45"]

1. d4 Nf6 2. c3 g6 3. Nf3 Bg7 4. Bg5 O-O 5. Nbd2 d5 6. e3 c5 7. Be2 Nbd7 8. O-O
Re8 9. Bb5 cxd4 10. cxd4 a6 11. Bd3 b6 12. Qe2 Bb7 13. Rac1 Ne4 14. Bh4 Ndf6 15.
Rc2 Qd7 16. Rfc1 Rec8 17. Ne5 Qe8 18. Bxf6 exf6 19. Nef3 Nxd2 20. Qxd2 Rxc2 21.
Rxc2 Rc8 22. b3 Bf8 23. h3 b5 24. Ne1 Bd6 25. Be2 Qe7 26. Nd3 Kg7 27. Rxc8 Bxc8
28. b4 Bb8 29. Bf1 Qd6 30. g3 h5 31. f4 Bf5 32. Nc5 Bc8 33. Bg2 Be6 34. a3 Bc7
35. Qc3 Bb8 36. Qd2 Bc7 37. Qe2 Bb8 38. Qf1 Kh7 39. Qf3 Kg7 40. Qf2 Kh7 41. Qa2
Ba7 42. a4 Bd7 43. Bxd5 bxa4 44. Bxf7 Bxh3 45. Bg8+ {Black resigns} 1-0

[Event "Team 45 45 League T90"]
[Site "Internet Chess Club"]
[Date "2021.11.30"]
[Round "8"]
[White "manfredo"]
[Black "VictorRed"]
[Result "1/2-1/2"]
[WhiteElo "1514"]
[BlackElo "1642"]
[Opening "King's gambit"]
[ECO "C30"]
[Time "13:05:38"]
[PlyCount "145"]
[TimeControl "2700+45"]

1. e4 e5 2. f4 Nc6 3. Nf3 d6 4. Nc3 Nf6 5. fxe5 Nxe5 6. d4 Nxf3+ 7. Qxf3 Bg4 8.
Qg3 Qd7 9. h3 Bh5 10. Bd3 O-O-O 11. O-O Kb8 12. e5 dxe5 13. dxe5 Nd5 14. Bf5
Nxc3 15. bxc3 Qc6 16. Bg5 Bc5+ 17. Kh1 f6 18. exf6 gxf6 19. Qh4 fxg5 20. Qxh5 h6
21. Qg4 Bb6 22. Be4 Qxc3 23. Rab1 Rdf8 24. Rf3 Rxf3 25. Qxf3 Qxf3 26. Bxf3 Rd8
27. Rd1 Rxd1+ 28. Bxd1 Kc8 29. Bg4+ Kd8 30. Bf3 c6 31. g4 Ke7 32. Kg2 Ke6 33.
Be4 Kd6 34. Kf1 Bd4 35. Ke2 b5 36. Kd3 c5 37. Kd2 b4 38. Kc1 Ke5 39. Bd3 Kf4 40.
Kd1 Kg3 41. Bf1 Kf2 42. Ba6 Kg2 43. Bc8 Kxh3 44. Kd2 Kh4 45. Kd3 h5 46. gxh5
Kxh5 47. Bh3 Kh4 48. Bf1 Kg3 49. Ke2 a5 50. Ke1 Kf3 51. Be2+ Ke3 52. Bh5 Bc3+
53. Kd1 Kf4 54. Ke2 g4 55. Be8 g3 56. Bc6 Kf5 57. Kd3 Ke5 58. Kc4 Bd4 59. Kb5
Bf2 60. Kxa5 Kd4 61. Ka4 Kc3 62. Be4 Kb2 63. Bd5 Kxc2 64. Bb3+ Kb2 65. Bd5 Be1
66. Kb5 Bf2 67. Ka4 g2 68. Bxg2 Kxa2 69. Bd5+ Kb2 70. Bb3 Kc3 71. Be6 Kd4 72.
Kb3 Be1 73. Bc4 {Game drawn by mutual agreement} 1/2-1/2

[Event "Team 45 45 League T90"]
[Site "Internet Chess Club"]
[Date "2021.11.27"]
[Round "8"]
[White "Sloggi"]
[Black "fileman"]
[Result "1/2-1/2"]
[WhiteElo "1914"]
[BlackElo "1791"]
[Opening "Nimzovich-Larsen attack: modern variation"]
[ECO "A01"]
[Time "02:01:22"]
[PlyCount "80"]
[TimeControl "2700+45"]

1. b3 e5 2. Bb2 Nc6 3. c4 a5 4. Nf3 e4 5. Nd4 Nxd4 6. Bxd4 f5 7. e3 Nf6 8. Be2
d6 9. O-O c6 10. d3 Be7 11. Nd2 d5 12. Qc2 O-O 13. Rad1 Be6 14. Be5 Nd7 15. Bb2
Bf6 16. Rc1 Bxb2 17. Qxb2 Qf6 18. Qxf6 Nxf6 19. Rc2 Rfc8 20. Rfc1 Kf7 21. h3 Ke7
22. a3 g5 23. cxd5 cxd5 24. dxe4 fxe4 25. Nb1 Rxc2 26. Rxc2 Rc8 27. Rxc8 Bxc8
28. Bb5 Kd6 29. Kf1 Kc5 30. Nc3 d4 31. exd4+ Kxd4 32. Ne2+ Kc5 33. Bc4 b5 34.
Bf7 Bb7 35. Ke1 Bd5 36. Bxd5 Kxd5 37. Kd2 b4 38. axb4 axb4 39. f3 exf3 40. gxf3
Ke5 {Game drawn by mutual agreement} 1/2-1/2

[Event "Team 45 45 League T90"]
[Site "Internet Chess Club"]
[Date "2021.11.29"]
[Round "8"]
[White "bobhill"]
[Black "DeepPoo"]
[Result "1-0"]
[WhiteElo "1914"]
[BlackElo "1717"]
[Opening "Queen's pawn game"]
[ECO "D02"]
[Time "20:10:04"]
[PlyCount "123"]
[TimeControl "2700+45"]

1. d4 d5 2. Nf3 Bf5 3. Bg5 c6 4. e3 Nd7 5. c3 Ngf6 6. Nbd2 Qb6 7. Qb3 e6 8. Be2
Bd6 9. O-O O-O 10. Nh4 Bg6 11. Nxg6 hxg6 12. f4 Qxb3 13. axb3 c5 14. g4 a6 15.
f5 gxf5 16. gxf5 Rfe8 17. fxe6 Rxe6 18. Rf3 Rae8 19. Bd3 g6 20. Raf1 Kg7 21. Rh3
Rh8 22. Rxh8 Kxh8 23. Rf3 Kg7 24. Nf1 Ne4 25. Bh4 Ndf6 26. c4 cxd4 27. exd4 g5
28. Bg3 Nxg3 29. Nxg3 Bxg3 30. Rxg3 Kh6 31. Kf2 dxc4 32. bxc4 Rb6 33. Rf3 Rxb2+
34. Kg1 Kg7 35. d5 b5 36. d6 bxc4 37. Bxc4 Rd2 38. Bd3 Nd7 39. Rg3 Kf6 40. Kf1
Ne5 41. Bxa6 Rxd6 42. Be2 Rd4 43. h3 Rh4 44. Kg2 Rb4 45. Kf2 Rb2 46. Ra3 Ng6 47.
Ke3 Nf4 48. Bg4 Rh2 49. Ke4 Ne6 50. Ra6 Ke7 51. Ke5 f6+ 52. Kf5 Rf2+ 53. Kg6 Nc7
54. Rc6 Nd5 55. Re6+ Kf8 56. Ra6 Ne7+ 57. Kh7 Ke8 58. Be6 Kd8 59. Rd6+ Ke8 60.
Bg4 Nf5 61. Rxf6 Rc2 62. Rxf5 {Black forfeits on time} 1-0

[Event "Team 45 45 League T90"]
[Site "Internet Chess Club"]
[Date "2021.11.29"]
[Round "8"]
[White "filmdirector"]
[Black "Rookmaster"]
[Result "1-0"]
[WhiteElo "1384"]
[BlackElo "1498"]
[Opening "King's pawn opening"]
[ECO "B07"]
[Time "21:05:27"]
[PlyCount "101"]
[TimeControl "2700+45"]

1. e4 d6 2. Nc3 Nf6 3. d3 Nbd7 4. g3 e5 5. Bg2 c6 6. h3 Qc7 7. Be3 Be7 8. Qd2 h6
9. Nge2 b5 10. O-O Rg8 11. d4 exd4 12. Nxd4 Bb7 13. Nf5 Ne5 14. b3 b4 15. Ne2 c5
16. f4 Ng6 17. Qd3 O-O-O 18. c3 d5 19. e5 Ne8 20. cxb4 d4 21. Bf2 Bxg2 22. Kxg2
Nxe5 23. Nxe7+ Qxe7 24. fxe5 Qxe5 25. bxc5 Nc7 26. Bxd4 Qe7 27. Qc4 Qe4+ 28. Kh2
Rge8 29. Rae1 Qc6 30. Nf4 Rxe1 31. Rxe1 Nb5 32. Bxg7 Rd2+ 33. Re2 Rd1 34. Ng2
Nc7 35. Qxf7 Qxc5 36. Ne3 Qc1 37. Nxd1 Qxd1 38. Rf2 h5 39. Be5 Qc1 40. Bxc7 h4
41. Be5 hxg3+ 42. Bxg3 a5 43. Qe8+ Kb7 44. Rf7+ Ka6 45. Qa8+ Kb5 46. Rb7+ Kc6
47. Rc7+ Kb5 48. Rxc1 a4 49. Qxa4+ Kb6 50. Rc6+ Kb7 51. Qa6# {Black checkmated}
1-0

[Event "Team 45 45 League T90"]
[Site "Internet Chess Club"]
[Date "2021.11.27"]
[Round "8"]
[White "BrianWood"]
[Black "Signofthetimes"]
[Result "1/2-1/2"]
[WhiteElo "1524"]
[BlackElo "1573"]
[Opening "QGD Slav: 4.Nc3"]
[ECO "D15"]
[Time "23:02:12"]
[PlyCount "63"]
[TimeControl "2700+45"]

1. d4 c6 2. c4 d5 3. Nf3 Nf6 4. Nc3 Bf5 5. Ne5 Nbd7 6. Nxd7 Qxd7 7. cxd5 Nxd5 8.
f3 Nxc3 9. bxc3 e6 10. e4 Bg6 11. a4 Be7 12. Qb3 O-O 13. Be2 Bh4+ 14. g3 Be7 15.
O-O a6 16. a5 c5 17. Be3 Rac8 18. Rfd1 cxd4 19. Bxd4 Qc6 20. c4 Bc5 21. Qe3 Bxd4
22. Qxd4 Qc5 23. Qxc5 Rxc5 24. Rab1 Rxa5 25. Rxb7 Ra2 26. Kf2 h6 27. Ke3 Rc8 28.
Rbb1 Kf8 29. Ra1 Rxa1 30. Rxa1 Ra8 31. Ra5 f6 32. c5 {Game drawn by mutual
agreement} 1/2-1/2

[Event "Team 45 45 League T90"]
[Site "Internet Chess Club"]
[Date "2021.11.28"]
[Round "8"]
[White "janh"]
[Black "HomerSimpson"]
[Result "1/2-1/2"]
[WhiteElo "1956"]
[BlackElo "2010"]
[Opening "Trompowsky attack (Ruth, Opocenský opening)"]
[ECO "A45"]
[Time "20:13:02"]
[PlyCount "79"]
[TimeControl "2700+45"]

1. d4 Nf6 2. Bg5 d5 3. Bxf6 exf6 4. e3 Bf5 5. c4 Bxb1 6. Rxb1 Bb4+ 7. Ke2 dxc4
8. a3 Bd6 9. Qa4+ Nd7 10. Qxc4 O-O 11. g3 c5 12. Nf3 cxd4 13. Nxd4 Rc8 14. Qd5
Qb6 15. Bg2 Qa6+ 16. Qb5 Rc2+ 17. Ke1 Qxb5 18. Nxb5 Be5 19. b4 a6 20. Rd1 Nb6
21. Be4 Ra2 22. Nd4 Nc4 23. Bxb7 Nxa3 24. Kf1 Rd8 25. Kg2 Bxd4 26. Rxd4 Rb8 27.
Rhd1 g6 28. Rd8+ Rxd8 29. Rxd8+ Kg7 30. Bxa6 Nc2 31. b5 Nxe3+ 32. Kf3 Nc4 33.
Rc8 Ne5+ 34. Kg2 Rb2 35. Rc3 Ng4 36. Rf3 Ne5 37. Rc3 Ng4 38. Rf3 Ne5 39. Rc3 Ng4
40. Rf3 {Game drawn by repetition} 1/2-1/2

[Event "Team 45 45 League T90"]
[Site "Internet Chess Club"]
[Date "2021.11.28"]
[Round "8"]
[White "primerpaso"]
[Black "achessman"]
[Result "1/2-1/2"]
[WhiteElo "1867"]
[BlackElo "1857"]
[Opening "English: Caro-Kann defensive system"]
[ECO "A11"]
[Time "10:09:53"]
[PlyCount "100"]
[TimeControl "2700+45"]

1. c4 c6 2. Nc3 d5 3. cxd5 cxd5 4. d4 Nf6 5. g3 Nc6 6. Bg2 g6 7. Nf3 Bg7 8. O-O
O-O 9. Bf4 Nh5 10. Be3 b6 11. Nxd5 Bb7 12. Nc3 Qd7 13. Qa4 Rfd8 14. Rad1 a6 15.
d5 Nb8 16. Qb3 b5 17. Bd4 Nf6 18. e4 Qc7 19. Rfe1 Nbd7 20. a4 bxa4 21. Nxa4 Rab8
22. Qa3 Ba8 23. Rc1 Qb7 24. Ng5 Bf8 25. Qa2 h6 26. Nh3 Rdc8 27. Nf4 Qb4 28. Bc3
Qc4 29. Qxc4 Rxc4 30. Ra1 g5 31. Nd3 e6 32. Ne5 Rcc8 33. dxe6 fxe6 34. Nxd7 Nxd7
35. Red1 Rc7 36. Rd2 Kf7 37. f3 Bc6 38. Bf1 g4 39. Kg2 gxf3+ 40. Kxf3 Be7 41.
Bd3 Rf8 42. Rf2 Ke8+ 43. Kg2 Rxf2+ 44. Kxf2 Bxa4 45. Rxa4 Nc5 46. Rd4 Bf6 47.
Rd6 Be7 48. Rd4 Bf6 49. Rd6 Be7 50. Rd4 Bf6 {Game drawn by repetition} 1/2-1/2

[Event "Team 45 45 League T90"]
[Site "Internet Chess Club"]
[Date "2021.11.26"]
[Round "8"]
[White "Portola"]
[Black "ElValero"]
[Result "0-1"]
[WhiteElo "1726"]
[BlackElo "1656"]
[Opening "Queen's pawn game"]
[ECO "A45"]
[Time "09:00:15"]
[PlyCount "114"]
[TimeControl "2700+45"]

1. d4 Nf6 2. c3 g6 3. Nf3 Bg7 4. Bg5 O-O 5. Nbd2 d5 6. e3 b6 7. Bd3 Bb7 8. Qc2
Nbd7 9. O-O c5 10. Bb5 a6 11. Bxd7 Nxd7 12. Rfe1 f6 13. Bh4 Qc8 14. Rac1 e5 15.
dxe5 Nxe5 16. Nxe5 fxe5 17. Bg3 Qc6 18. f3 Rae8 19. e4 d4 20. cxd4 exd4 21. Nc4
a5 22. Nd6 Re6 23. Qc4 Bc8 24. Rcd1 Kh8 25. e5 Bd7 26. Qc2 Qd5 27. f4 Bc6 28. b3
Ra8 29. a4 Rf8 30. Rf1 Kg8 31. Rfe1 Rb8 32. Nb5 Bxb5 33. axb5 Rf8 34. Rd3 Ree8
35. Rf3 Rf5 36. Qd3 Ref8 37. Ref1 a4 38. bxa4 c4 39. Qa3 d3 40. Rd1 g5 41. Bf2
Rxf4 42. Rxf4 Rxf4 43. Qe7 c3 44. Qxg5 c2 45. Rf1 d2 46. Qxf4 d1=Q 47. Be3 c1=Q
48. Bxc1 Q1d4+ 49. Be3 Qxf4 50. Bxf4 Bxe5 51. Bh6 Qd4+ 52. Kh1 Bg7 53. Bg5 Qxa4
54. Rc1 Qxb5 55. Rc8+ Kf7 56. h4 Qf1+ 57. Kh2 Be5+ {White resigns} 0-1

[Event "Team 45 45 League T90"]
[Site "Internet Chess Club"]
[Date "2021.11.28"]
[Round "8"]
[White "Portola"]
[Black "Signofthetimes"]
[Result "1-0"]
[WhiteElo "1747"]
[BlackElo "1564"]
[Opening "Queen's pawn"]
[ECO "A40"]
[Time "11:00:30"]
[PlyCount "109"]
[TimeControl "2700+45"]

1. d4 c6 2. c3 d5 3. Nf3 Nf6 4. Bg5 Bf5 5. Nbd2 Nbd7 6. e3 e6 7. Be2 Be7 8. O-O
h6 9. Bf4 g5 10. Be5 Nxe5 11. Nxe5 Bd6 12. Nef3 Qc7 13. g3 O-O-O 14. c4 Ne4 15.
Nxe4 Bxe4 16. c5 Be7 17. Nd2 Bg6 18. b4 h5 19. a4 a6 20. b5 Kd7 21. Ra2 axb5 22.
axb5 Ra8 23. Qa1 Rxa2 24. Qxa2 g4 25. Ra1 Rc8 26. Qa4 e5 27. b6 Qb8 28. Qb4 Ke6
29. Nb3 Rd8 30. Ra7 e4 31. Na5 Rd7 32. Qa4 Kf6 33. Nxc6 Qc8 34. Ne5 Rd8 35. Bb5
Kg7 36. c6 f6 37. c7 fxe5 38. cxd8=Q Bxd8 39. Ra8 Qc1+ 40. Kg2 Bxb6 41. Be8 Qc7
42. Bxg6 Kxg6 43. Qe8+ Qf7 44. Qxf7+ Kxf7 45. Rb8 Ke6 46. Rxb7 Ba5 47. dxe5 Kxe5
48. Rh7 Kd6 49. Rxh5 Kc5 50. Rg5 Kc4 51. Rxg4 Bc3 52. Kf1 Kd3 53. Rg5 d4 54.
exd4 Bxd4 55. Rd5 {Black resigns} 1-0

[Event "Team 45 45 League T90"]
[Site "Internet Chess Club"]
[Date "2021.11.26"]
[Round "8"]
[White "Kingofknights"]
[Black "rubo"]
[Result "1/2-1/2"]
[WhiteElo "1505"]
[BlackElo "1495"]
[Opening "Budapest defense declined"]
[ECO "A51"]
[Time "17:00:15"]
[PlyCount "47"]
[TimeControl "2700+45"]

1. d4 Nf6 2. c4 e5 3. d5 Bc5 4. e3 d6 5. Nc3 Bf5 6. Be2 e4 7. Bd2 O-O 8. Na4
Nbd7 9. b4 Bb6 10. Qc2 Bg6 11. Nh3 h6 12. Nf4 Bh7 13. h4 Qe7 14. Rc1 a6 15. Nxb6
Nxb6 16. Qb3 Nbd7 17. Bc3 b6 18. Bd1 Rfe8 19. Ne2 Ne5 20. Bxe5 dxe5 21. Ng3 a5
22. a3 axb4 23. axb4 Nd7 24. Qc3 {Game drawn by mutual agreement} 1/2-1/2

[Event "Team 45 45 League T90"]
[Site "Internet Chess Club"]
[Date "2021.11.26"]
[Round "8"]
[White "marioseixas1992"]
[Black "scostanzo212"]
[Result "1/2-1/2"]
[WhiteElo "1483"]
[BlackElo "1543"]
[Opening "Sicilian: Scheveningen variation"]
[ECO "B80"]
[Time "10:03:26"]
[PlyCount "31"]
[TimeControl "2700+45"]

1. e4 c5 2. Nf3 d6 3. d4 cxd4 4. Nxd4 Nf6 5. Nc3 e6 6. Bd3 a6 7. O-O b5 8. f4
Qc7 9. Be3 Bb7 10. Qf3 Nbd7 11. g4 Nb6 12. g5 Nfd7 13. f5 e5 14. Nb3 f6 15. Qh5+
Ke7 16. Na5 {Game drawn by mutual agreement} 1/2-1/2

[Event "Team 45 45 League T90"]
[Site "Internet Chess Club"]
[Date "2021.11.29"]
[Round "8"]
[White "tightfist"]
[Black "nosir"]
[Result "1-0"]
[WhiteElo "1491"]
[BlackElo "1411"]
[Opening "Nimzovich-Larsen attack: modern variation"]
[ECO "A01"]
[Time "18:13:50"]
[PlyCount "137"]
[TimeControl "2700+45"]

1. b3 e5 2. Bb2 d6 3. e4 Nf6 4. Nc3 c6 5. h3 Nbd7 6. Nf3 Be7 7. Be2 Qc7 8. O-O
h6 9. d4 Nf8 10. d5 Nh5 11. Nxe5 Nf4 12. Nd3 N8g6 13. Nxf4 Nxf4 14. Bg4 Bf6 15.
Bxc8 Rxc8 16. Qg4 Be5 17. Rab1 O-O 18. Rfc1 Qe7 19. Ne2 Nxe2+ 20. Qxe2 Bxb2 21.
Rxb2 cxd5 22. Re1 Qe5 23. Rbb1 Rfe8 24. f3 Qd4+ 25. Kf1 dxe4 26. fxe4 f5 27.
Rbd1 Qc5 28. Qd3 fxe4 29. Qd5+ Kh8 30. Qxc5 Rxc5 31. c4 Rf8+ 32. Ke2 Rf6 33. Rf1
Rxf1 34. Rxf1 Kg8 35. Ke3 Re5 36. Kd4 g5 37. Re1 Kf7 38. Rxe4 Rxe4+ 39. Kxe4 Ke6
40. b4 a6 41. g4 b6 42. a3 b5 43. c5 dxc5 44. bxc5 a5 45. Kd4 Kd7 46. Kd5 b4 47.
axb4 axb4 48. Kc4 Kc6 49. Kxb4 Kb7 50. Kc4 Kc6 51. Kd4 Kc7 52. Kd5 Kd7 53. c6+
Kc7 54. Kc5 Kc8 55. Kd6 Kd8 56. c7+ Kc8 57. Ke6 Kxc7 58. Kf6 Kd6 59. Kg6 Ke6 60.
Kxh6 Kf6 61. Kh5 Kf7 62. Kxg5 Kg7 63. h4 Kh7 64. Kf6 Kh8 65. Kf7 Kh7 66. g5 Kh8
67. h5 Kh7 68. g6+ Kh8 69. g7+ {Black resigns} 1-0

[Event "Team 45 45 League T90"]
[Site "Internet Chess Club"]
[Date "2021.11.27"]
[Round "8"]
[White "fhunfi"]
[Black "fvafier"]
[Result "1/2-1/2"]
[WhiteElo "1663"]
[BlackElo "1511"]
[Opening "Sicilian: closed, 2...Nc6"]
[ECO "B23"]
[Time "16:30:10"]
[PlyCount "74"]
[TimeControl "2700+45"]

1. e4 c5 2. Nc3 Nc6 3. Bb5 a6 4. Bxc6 bxc6 5. f4 d5 6. d3 e6 7. Nf3 Nf6 8. O-O
Be7 9. Qe1 O-O 10. Kh1 a5 11. Rg1 Ba6 12. Bd2 Qc7 13. g4 Rfe8 14. e5 Nd7 15. Ne2
Bb5 16. a4 Ba6 17. Ng3 f6 18. Nh5 fxe5 19. Nxe5 Nxe5 20. fxe5 Bb7 21. Qg3 Rf8
22. Rgf1 Rxf1+ 23. Rxf1 Rf8 24. Rxf8+ Bxf8 25. Qe1 Qf7 26. Kg2 Qg6 27. Qe2 c4
28. Nf4 cxd3 29. cxd3 Qf7 30. d4 Bb4 31. Bxb4 axb4 32. Qd2 Ba6 33. h3 Bc4 34.
Kg3 Qe7 35. Nd3 Bxd3 36. Qxd3 c5 37. b3 cxd4 {Game drawn by mutual agreement}
1/2-1/2

[Event "Team 45 45 League T90"]
[Site "Internet Chess Club"]
[Date "2021.11.29"]
[Round "8"]
[White "manfredo"]
[Black "fireball"]
[Result "1/2-1/2"]
[WhiteElo "1508"]
[BlackElo "1564"]
[Opening "KGD: Falkbeer counter-gambit"]
[ECO "C31"]
[Time "13:00:53"]
[PlyCount "233"]
[TimeControl "2700+45"]

1. e4 e5 2. f4 d5 3. exd5 exf4 4. Qf3 Qh4+ 5. g3 fxg3 6. hxg3 Qg4 7. Qe3+ Be7 8.
d3 Nf6 9. Nc3 O-O 10. Be2 Qd7 11. Bd2 Nxd5 12. Nxd5 Qxd5 13. Bf3 Qd8 14. O-O-O
Bd6 15. g4 c6 16. Be4 f5 17. Qh3 fxe4 18. Qxh7+ Kf7 19. Qh5+ Ke6 20. Qg6+ Kd7
21. Rh7 Kc7 22. Rxg7+ Nd7 23. Bg5 Qe8 24. Qxe8 Rxe8 25. dxe4 Rxe4 26. Nf3 c5 27.
Bd8+ Kxd8 28. Rxd6 Kc7 29. Rd5 Kc6 30. Rh5 Kb5 31. b3 a5 32. a4+ Ka6 33. Rh6+ b6
34. Rd6 Ra7 35. Rg8 Rc7 36. Nd2 Rd4 37. Rh6 Bb7 38. Rgg6 Be4 39. Nxe4 Rxe4 40.
g5 c4 41. Rc6 Rxc6 42. Rxc6 cxb3 43. cxb3 Rg4 44. Rd6 Nc5 45. Rd8 Rxg5 46. Kc2
Rg2+ 47. Kc3 Rg3+ 48. Kc4 Rxb3 49. Rc8 Rb4+ 50. Kd5 Rxa4 51. Kc6 Ka7 52. Rc7+
Kb8 53. Rh7 Rb4 54. Rh8+ Ka7 55. Rh7+ Nb7 56. Rxb7+ Ka6 57. Rb8 Rc4+ 58. Kd5
Rc5+ 59. Kd4 Kb5 60. Rh8 a4 61. Rh1 Ka5 62. Ra1 Rh5 63. Kc3 Rh4 64. Rg1 b5 65.
Rg5 a3 66. Kb3 Rh3+ 67. Ka2 Ka4 68. Rg2 b4 69. Rg4 Rh2+ 70. Ka1 Rc2 71. Rh4 Kb3
72. Rh3+ Rc3 73. Rh1 a2 74. Rg1 Rc2 75. Rg3+ Ka4 76. Rg4 Ka3 77. Rg3+ Ka4 78.
Rg4 Ka5 79. Rg5+ Kb6 80. Rg6+ Kc7 81. Rg7+ Kd6 82. Rg6+ Kd5 83. Rg5+ Kc4 84.
Rg4+ Kc3 85. Rg3+ Kd2 86. Rb3 Rc4 87. Kxa2 Kc2 88. Rb2+ Kc3 89. Rb3+ Kd4 90. Kb2
Kc5 91. Rh3 Rg4 92. Kb3 Kd6 93. Rh6+ Kc5 94. Rh5+ Kc6 95. Rh6+ Kd5 96. Rh5+ Kc6
97. Rh6+ Kc7 98. Rh7+ Kb6 99. Rh6+ Kc5 100. Rh5+ Kd6 101. Rh6+ Kc7 102. Rh7+ Kb6
103. Rh6+ Kc5 104. Rh5+ Kd4 105. Rb5 Rg1 106. Rxb4+ Kc5 107. Rc4+ Kd5 108. Rc2
Rb1+ 109. Rb2 Rd1 110. Ra2 Rd3+ 111. Kc2 Kd4 112. Ra4+ Ke3 113. Rh4 Rd2+ 114.
Kc1 Rf2 115. Rh8 Kd3 116. Rd8+ Kc3 117. Rc8+ {Game drawn by mutual agreement}
1/2-1/2

[Event "Team 45 45 League T90"]
[Site "Internet Chess Club"]
[Date "2021.11.25"]
[Round "8"]
[White "ChessG2011"]
[Black "dalmata"]
[Result "1/2-1/2"]
[WhiteElo "1451"]
[BlackElo "1550"]
[Opening "French: advance variation"]
[ECO "C02"]
[Time "15:00:12"]
[PlyCount "55"]
[TimeControl "2700+45"]

1. e4 e6 2. d4 d5 3. e5 c5 4. c3 cxd4 5. cxd4 Nc6 6. Nf3 Nge7 7. Bd3 Nf5 8. Bxf5
exf5 9. Nc3 Be7 10. O-O O-O 11. h3 a6 12. a3 f6 13. Bf4 g5 14. Be3 f4 15. Bc1
fxe5 16. Nxe5 Nxe5 17. dxe5 Be6 18. Qd3 Rc8 19. Rd1 d4 20. Qxd4 Qxd4 21. Rxd4
Rfd8 22. Ne2 Bc5 23. Rxd8+ Rxd8 24. Nc3 Bf5 25. b4 Bd4 26. Bb2 Bxe5 27. Rd1
Rxd1+ 28. Nxd1 {Game drawn by mutual agreement} 1/2-1/2

[Event "Team 45 45 League T90"]
[Site "Internet Chess Club"]
[Date "2021.11.26"]
[Round "8"]
[White "Denis240964"]
[Black "smsxman"]
[Result "1-0"]
[WhiteElo "1394"]
[BlackElo "1394"]
[Opening "Scandinavian (center counter) defense"]
[ECO "B01"]
[Time "13:29:43"]
[PlyCount "161"]
[TimeControl "2700+45"]

1. e4 d5 2. exd5 Qxd5 3. Nc3 Qd8 4. d4 e6 5. Nf3 Nf6 6. Bg5 Be7 7. Bd3 Nbd7 8.
O-O a6 9. Ne5 c5 10. Nxd7 Nxd7 11. Be3 c4 12. Bxc4 b5 13. Bb3 Bb7 14. Qg4 O-O
15. Rad1 Nf6 16. Qe2 b4 17. Nb1 a5 18. Bc4 Qc8 19. Bd3 Qc6 20. f3 Rfc8 21. c3
Ba6 22. Rc1 Bxd3 23. Qxd3 Qd5 24. c4 Qd8 25. b3 Bd6 26. Nd2 Bc7 27. Ne4 Nd7 28.
Rfd1 Qh4 29. g3 Qh5 30. Rf1 Qg6 31. Nf2 f5 32. f4 Qe8 33. d5 Qf7 34. d6 Bb8 35.
c5 Rc6 36. Rc2 Ba7 37. Rfc1 Rac8 38. Qb5 Bb8 39. Rc4 e5 40. Qxa5 exf4 41. gxf4
Qd5 42. Qxb4 Ba7 43. Qb7 Bxc5 44. Qb5 Qxd6 45. b4 Bxe3 46. Rxc6 Rxc6 47. Qxc6
Bxf2+ 48. Kxf2 Qxf4+ 49. Ke2 Qxh2+ 50. Kd1 Qh5+ 51. Kc2 Qe2+ 52. Kb3 Qd3+ 53.
Qc3 Qd6 54. Rc2 h6 55. b5 Kh7 56. Rd2 Qe6+ 57. Kb2 Nf6 58. Qd3 Qe5+ 59. Kb3 Ne4
60. Qe2 Qg3+ 61. Rd3 Nc5+ 62. Kc3 Nxd3 63. Qxd3 Qe5+ 64. Qd4 Qxb5 65. a4 Qa5+
66. Kb3 h5 67. Qc4 g6 68. Qb5 Qd8 69. a5 h4 70. a6 h3 71. Qb7+ Kh6 72. a7 h2 73.
a8=Q Qd1+ 74. Kc4 Qe2+ 75. Kc5 Qc2+ 76. Kd6 Qd2+ 77. Qd5 Qf4+ 78. Kd7 Kg5 79.
Qg2+ Kf6 80. Qa6+ Ke5 81. Qd6# {Black checkmated} 1-0

[Event "Team 45 45 League T90"]
[Site "Internet Chess Club"]
[Date "2021.11.24"]
[Round "8"]
[White "mongmong"]
[Black "marioseixas1992"]
[Result "0-1"]
[WhiteElo "1488"]
[BlackElo "1480"]
[Opening "King's Indian, 3.Nf3"]
[ECO "E90"]
[Time "19:03:18"]
[PlyCount "80"]
[TimeControl "2700+45"]

1. d4 Nf6 2. Nf3 g6 3. c4 Bg7 4. Nc3 O-O 5. e4 d6 6. h3 Nc6 7. Be3 e5 8. d5 Ne7
9. g4 h5 10. g5 Nh7 11. h4 f5 12. Be2 fxe4 13. Nxe4 Bg4 14. Nfd2 Bf5 15. Bf3 c5
16. Qe2 Bxe4 17. Bxe4 Qa5 18. O-O Rf7 19. Nb3 Qa4 20. Bc2 Qd7 21. Be4 Qh3 22.
Na5 Qxh4 23. Bxg6 Nxg6 24. f3 Nxg5 25. Bxg5 Qxg5+ 26. Kh1 Rf4 27. Rf2 Raf8 28.
Rg1 Qf5 29. Nxb7 Rh4+ 30. Rh2 Nf4 31. Qf2 Nh3 32. Rxg7+ Kxg7 33. Qxh4 Qxf3+ 34.
Rg2+ Kh6 35. Nxd6 Rf4 36. Qg3 Nf2+ 37. Kh2 Ng4+ 38. Kh3 Qf1 39. Qc3 Qh1+ 40. Kg3
h4# {White checkmated} 0-1